TOP OF THE 1ST |
New Amsterdam Republics batting - Pitching for Phoenix Hotspur : RHP Cory Sanders
|
Pitching: RHP Cory Sanders
|
|
Batting: RHB António Pérez
|
0-0: Called Strike 0-1: Ground out 6-3 (Groundball, 6M)
|
Batting: RHB Cory Hansen
|
0-0: Ball 1-0: Foul Ball, location: 2F 1-1: Foul Ball, location: 2F 1-2: Foul Ball, location: 2F 1-2: Foul Ball, location: 2F 1-2: Strikes out swinging
|
Batting: LHB Félix López
|
0-0: Called Strike 0-1: Ball 1-1: Foul Ball, location: 2F 1-2: Ball 2-2: Ball 3-2: SOLO HOME RUN (Flyball, 78XD), Distance : 429 ft
|
Batting: RHB Hank Wilder
|
0-0: Foul Ball, location: 2F 0-1: SOLO HOME RUN (Flyball, 78XD), Distance : 425 ft
|
Batting: RHB Júlio Maldonado
|
0-0: Ball 1-0: Ball 2-0: Called Strike 2-1: Foul Ball, location: 2F 2-2: Fly out, F6 (Popup, 6)
|
Top of the 1st over - 2 run(s), 2 hit(s), 0 error(s), 0 left on base; New Amsterdam 2 - Phoenix 0 |
BOTTOM OF THE 1ST |
Phoenix Hotspur batting - Pitching for New Amsterdam Republics : RHP Pedro Castro
|
Pitching: RHP Pedro Castro
|
|
Batting: LHB Arthur Ryan
|
0-0: Ball 1-0: Ball 2-0: Swinging Strike 2-1: Ball 3-1: Base on Balls
|
Batting: RHB Martín Martínez
|
0-0: Called Strike 0-1: Foul Ball, location: 2F 0-2: Ball 1-2: Strikes out swinging
|
Batting: LHB Rubén López
|
0-0: Called Strike 0-1: Ball 1-1: Ball 2-1: Ball 3-1: Base on Balls Arthur Ryan to second
|
Batting: RHB Randy Rehling
|
0-0: Called Strike 0-1: Called Strike 0-2: Strikes out swinging
|
Batting: RHB Raúl Robles
|
0-0: Ball 1-0: Called Strike 1-1: Ball 2-1: SINGLE (Line Drive, 34) Arthur Ryan to third Rubén López to second Runner from 3rd tries for Home, SAFE, throw made at trailing runner, SAFE at third!
|
Batting: RHB António Padilla
|
0-0: Ball 1-0: Foul Ball, location: 2F Pickoff Throw to First - Out!
|
Bottom of the 1st over - 1 run(s), 1 hit(s), 0 error(s), 0 left on base; New Amsterdam 2 - Phoenix 1 |
TOP OF THE 2ND |
New Amsterdam Republics batting - Pitching for Phoenix Hotspur : RHP Cory Sanders
|
Batting: RHB Luis Muńóz
|
0-0: Ground out 6-3 (Groundball, 6M)
|
Batting: LHB Eric Ward
|
0-0: Ball 1-0: Called Strike 1-1: Ball 2-1: Ball 3-1: Base on Balls
|
Batting: LHB Steve Ingram
|
0-0: Called Strike 0-1: Foul Ball, location: 2F 0-2: Ball Eric Ward steals 2nd base 1-2: Ground out 4-3 (Groundball, 4M) Eric Ward to third
|
Batting: RHB Takeru Sanu
|
0-0: Ball Wild Pitch! Eric Ward scores 1-0: SINGLE (Line Drive, 34D)
|
Batting: RHB António Pérez
|
0-0: Foul Ball, location: 2F 0-1: Foul Ball, location: 2F 0-2: SINGLE (Line Drive, 6D) Takeru Sanu to second
|
Batting: RHB Cory Hansen
|
0-0: Foul Ball, location: 2F 0-1: Fly out, F8 (Line Drive, 8RS)
|
Top of the 2nd over - 1 run(s), 2 hit(s), 0 error(s), 2 left on base; New Amsterdam 3 - Phoenix 1 |
BOTTOM OF THE 2ND |
Phoenix Hotspur batting - Pitching for New Amsterdam Republics : RHP Pedro Castro
|
Batting: RHB António Padilla
|
0-0: Ball 1-0: Ball 2-0: Called Strike 2-1: Swinging Strike 2-2: Strikes out swinging
|
Batting: LHB Dave Knight
|
0-0: Ball 1-0: Fly out, F9 (Line Drive, 9D)
|
Batting: RHB John Moore
|
0-0: Ball 1-0: Foul Ball, location: 2F 1-1: Foul Ball, location: 2F 1-2: Fly out, F8 (Flyball, 89M)
|
Bottom of the 2nd over - 0 run(s), 0 hit(s), 0 error(s), 0 left on base; New Amsterdam 3 - Phoenix 1 |
TOP OF THE 3RD |
New Amsterdam Republics batting - Pitching for Phoenix Hotspur : RHP Cory Sanders
|
Batting: LHB Félix López
|
0-0: Ball 1-0: Foul Ball, location: 2F 1-1: Called Strike 1-2: Strikes out swinging
|
Batting: RHB Hank Wilder
|
0-0: Called Strike 0-1: Swinging Strike 0-2: Foul Ball, location: 2F 0-2: Ball 1-2: Ball 2-2: Strikes out swinging
|
Batting: RHB Júlio Maldonado
|
0-0: SINGLE (Flyball, 78S)
|
Batting: RHB Luis Muńóz
|
0-0: Called Strike 0-1: Ball 1-1: Ball 2-1: Ball 3-1: Fly out, F8 (Line Drive, 8RD)
|
Top of the 3rd over - 0 run(s), 1 hit(s), 0 error(s), 1 left on base; New Amsterdam 3 - Phoenix 1 |
BOTTOM OF THE 3RD |
Phoenix Hotspur batting - Pitching for New Amsterdam Republics : RHP Pedro Castro
|
Batting: RHB Gabriel Pérez
|
0-0: Foul Ball, location: 2F 0-1: Ball 1-1: Foul Ball, location: 2F 1-2: Foul Ball, location: 2F 1-2: Ground out 5-3 (Groundball, 5)
|
Batting: LHB Arthur Ryan
|
0-0: Ball 1-0: Ball 2-0: Swinging Strike 2-1: Ball 3-1: Swinging Strike 3-2: Strikes out swinging
|
Batting: RHB Martín Martínez
|
0-0: Foul Ball, location: 2F 0-1: Called Strike 0-2: Foul Ball, location: 2F 0-2: Strikes out swinging
|
Bottom of the 3rd over - 0 run(s), 0 hit(s), 0 error(s), 0 left on base; New Amsterdam 3 - Phoenix 1 |
TOP OF THE 4TH |
New Amsterdam Republics batting - Pitching for Phoenix Hotspur : RHP Cory Sanders
|
Batting: LHB Eric Ward
|
0-0: Called Strike 0-1: Called Strike 0-2: Ball 1-2: Strikes out swinging
|
Batting: LHB Steve Ingram
|
0-0: Ball 1-0: Ground out U3 (Groundball, 3)
|
Batting: RHB Takeru Sanu
|
0-0: Ground out 4-3 (Groundball, 4M)
|
Top of the 4th over - 0 run(s), 0 hit(s), 0 error(s), 0 left on base; New Amsterdam 3 - Phoenix 1 |
BOTTOM OF THE 4TH |
Phoenix Hotspur batting - Pitching for New Amsterdam Republics : RHP Pedro Castro
|
Batting: LHB Rubén López
|
0-0: Ball 1-0: Ball 2-0: Foul Ball, location: 2F 2-1: Foul Ball, location: 2F 2-2: Ball 3-2: DOUBLE (Line Drive, 9LS)
|
Batting: RHB Randy Rehling
|
0-0: Ball 1-0: Ball 2-0: Called Strike 2-1: Ground out 5-3 (Groundball, 15S) Rubén López to third
|
Batting: RHB Raúl Robles
|
0-0: Foul Ball, location: 2F 0-1: Ball 1-1: Swinging Strike 1-2: Strikes out swinging
|
Batting: RHB António Padilla
|
0-0: Ball 1-0: Foul Ball, location: 2F 1-1: Foul Ball, location: 2F 1-2: Strikes out swinging
|
Bottom of the 4th over - 0 run(s), 1 hit(s), 0 error(s), 1 left on base; New Amsterdam 3 - Phoenix 1 |
TOP OF THE 5TH |
New Amsterdam Republics batting - Pitching for Phoenix Hotspur : RHP Cory Sanders
|
Batting: RHB António Pérez
|
0-0: Ball 1-0: SINGLE (Flyball, 89S)
|
Batting: RHB Cory Hansen
|
0-0: Bunted foul 0-1: Ball 1-1: Sac Bunt - play at first, batter OUT! 1-4 António Pérez to second
|
Batting: LHB Félix López
|
0-0: Foul Ball, location: 2F 0-1: Ball 1-1: Ball 2-1: Foul Ball, location: 2F 2-2: Foul Ball, location: 2F 2-2: Ground out 3-1 (Groundball, 3) António Pérez to third
|
Pitching: RHP Donald Gregory
|
|
Batting: RHB Hank Wilder
|
0-0: Foul Ball, location: 2F 0-1: Foul Ball, location: 2F 0-2: Strikes out swinging
|
Top of the 5th over - 0 run(s), 1 hit(s), 0 error(s), 1 left on base; New Amsterdam 3 - Phoenix 1 |
BOTTOM OF THE 5TH |
Phoenix Hotspur batting - Pitching for New Amsterdam Republics : RHP Pedro Castro
|
Batting: LHB Dave Knight
|
0-0: Called Strike 0-1: Swinging Strike 0-2: Strikes out looking
|
Batting: RHB John Moore
|
0-0: Swinging Strike 0-1: Called Strike 0-2: Strikes out swinging
|
Batting: RHB Gabriel Pérez
|
0-0: Foul Ball, location: 2F 0-1: Called Strike 0-2: Ball 1-2: Foul Ball, location: 2F 1-2: Strikes out looking
|
Bottom of the 5th over - 0 run(s), 0 hit(s), 0 error(s), 0 left on base; New Amsterdam 3 - Phoenix 1 |
TOP OF THE 6TH |
New Amsterdam Republics batting - Pitching for Phoenix Hotspur : RHP Donald Gregory
|
Batting: RHB Júlio Maldonado
|
0-0: Ball 1-0: SINGLE (Line Drive, 78S)
|
Batting: RHB Luis Muńóz
|
0-0: Bunted foul 0-1: Sac Bunt - play at second, runner OUT! 3-6
|
Batting: LHB Eric Ward
|
0-0: Ball 1-0: Called Strike 1-1: Ball 2-1: Fly out, F7 (Flyball, 7D)
|
Batting: LHB Steve Ingram
|
0-0: Ball 1-0: Ball 2-0: Fly out, F7 (Flyball, 7D)
|
Top of the 6th over - 0 run(s), 1 hit(s), 0 error(s), 1 left on base; New Amsterdam 3 - Phoenix 1 |
BOTTOM OF THE 6TH |
Phoenix Hotspur batting - Pitching for New Amsterdam Republics : RHP Pedro Castro
|
Batting: LHB Arthur Ryan
|
0-0: Ball 1-0: Ball 2-0: Foul Ball, location: 2F 2-1: Swinging Strike 2-2: Foul Ball, location: 2F 2-2: Ball 3-2: Strikes out looking
|
Batting: RHB Martín Martínez
|
0-0: Foul Ball, location: 2F 0-1: Foul Ball, location: 2F 0-2: Ground out 6-3 (Groundball, 6M)
|
Batting: LHB Rubén López
|
0-0: Called Strike 0-1: Ball 1-1: Foul Ball, location: 2F 1-2: Foul Ball, location: 2F 1-2: SINGLE (Flyball, 89S)
|
Batting: RHB Randy Rehling
|
0-0: Foul Ball, location: 2F 0-1: Ball 1-1: Swinging Strike 1-2: SINGLE (Groundball, 23) (infield hit) Rubén López to second
|
Batting: RHB Raúl Robles
|
0-0: SINGLE (Line Drive, 7LM) Rubén López to third Randy Rehling to second Runner from 3rd tries for Home, SAFE, no throw or cutoff
|
Batting: RHB António Padilla
|
0-0: Ball 1-0: Foul Ball, location: 2F 1-1: Ball 2-1: DOUBLE (Line Drive, 8RXD) Randy Rehling scores Raúl Robles to third Runner from 3rd tries for Home, SAFE, no throw or cutoff
|
Batting: LHB Dave Knight
|
0-0: Called Strike 0-1: Ball 1-1: SINGLE (Groundball, 3D) António Padilla to third Runner from 3rd tries for Home, SAFE, throw made home Dave Knight to second
|
Batting: RHB John Moore
|
0-0: Ball 1-0: Ball 2-0: Called Strike 2-1: 2-RUN HOME RUN (Flyball, 78XD), Distance : 436 ft
|
Pitching: RHP Albert Emery
|
|
Batting: RHB Gabriel Pérez
|
0-0: Ball 1-0: Called Strike 1-1: Fly out, F2 (Popup, 2RF)
|
Bottom of the 6th over - 6 run(s), 6 hit(s), 0 error(s), 0 left on base; New Amsterdam 3 - Phoenix 7 |
TOP OF THE 7TH |
New Amsterdam Republics batting - Pitching for Phoenix Hotspur : RHP Donald Gregory
|
Batting: RHB Takeru Sanu
|
0-0: Ball 1-0: Ball 2-0: Ball 3-0: Base on Balls
|
Batting: RHB António Pérez
|
0-0: Ball Wild Pitch! Takeru Sanu to second 1-0: Ball 2-0: Swinging Strike 2-1: Foul Ball, location: 2F 2-2: Strikes out swinging
|
Batting: RHB Cory Hansen
|
0-0: Ball 1-0: Called Strike 1-1: SINGLE (Line Drive, 7LS) Takeru Sanu to third
|
Batting: LHB Félix López
|
0-0: Called Strike 0-1: Ball 1-1: Ball 2-1: Ball 3-1: Base on Balls Cory Hansen to second
|
Batting: RHB Hank Wilder
|
0-0: Ball 1-0: Called Strike 1-1: Foul Ball, location: 2F 1-2: SINGLE (Groundball, 34D) Takeru Sanu scores Cory Hansen to third Félix López to second
|
Batting: RHB Júlio Maldonado
|
0-0: Fly out, F8 (Line Drive, 6MD) Runner from 3rd tags up, SCORES, no throw
|
Batting: RHB Luis Muńóz
|
0-0: Ball 1-0: Foul Ball, location: 2F 1-1: Foul Ball, location: 2F 1-2: Ball 2-2: Ball 3-2: Foul Ball, location: 2F 3-2: Ground out 6-3 (Groundball, 6M)
|
Top of the 7th over - 2 run(s), 2 hit(s), 0 error(s), 2 left on base; New Amsterdam 5 - Phoenix 7 |
BOTTOM OF THE 7TH |
Phoenix Hotspur batting - Pitching for New Amsterdam Republics : RHP Albert Emery
|
Batting: LHB Arthur Ryan
|
0-0: Ball 1-0: Ball 2-0: Called Strike 2-1: Foul Ball, location: 2F 2-2: Foul Ball, location: 2F 2-2: Strikes out looking
|
Batting: RHB Martín Martínez
|
0-0: Fly out, F9 (Flyball, 9S)
|
Batting: LHB Rubén López
|
0-0: Ball 1-0: Swinging Strike 1-1: Ball 2-1: Ball 3-1: Swinging Strike 3-2: Foul Ball, location: 2F 3-2: SINGLE (Groundball, 4MD)
|
Batting: RHB Randy Rehling
|
0-0: Ball 1-0: Called Strike 1-1: Ball 2-1: Fielders Choice at 2nd, U6 (Groundball, 6M)
|
Bottom of the 7th over - 0 run(s), 1 hit(s), 0 error(s), 1 left on base; New Amsterdam 5 - Phoenix 7 |
TOP OF THE 8TH |
New Amsterdam Republics batting - Pitching for Phoenix Hotspur : RHP Donald Gregory
|
Pitching: RHP Craig Gasnier
|
|
Batting: LHB Eric Ward
|
0-0: Ball 1-0: Ball 2-0: Foul Ball, location: 2F 2-1: Ground out 4-3 (Groundball, 34)
|
Batting: LHB Steve Ingram
|
0-0: Swinging Strike 0-1: Foul Ball, location: 2F 0-2: Ball 1-2: Ball 2-2: Foul Ball, location: 2F 2-2: Foul Ball, location: 2F 2-2: Strikes out swinging
|
Batting: RHB Takeru Sanu
|
0-0: Called Strike 0-1: Called Strike 0-2: Ball 1-2: Ground out 6-3 (Groundball, 6)
|
Top of the 8th over - 0 run(s), 0 hit(s), 0 error(s), 0 left on base; New Amsterdam 5 - Phoenix 7 |
BOTTOM OF THE 8TH |
Phoenix Hotspur batting - Pitching for New Amsterdam Republics : RHP Albert Emery
|
Batting: RHB Raúl Robles
|
0-0: Ball 1-0: Ball 2-0: SINGLE (Line Drive, 34)
|
Batting: RHB António Padilla
|
0-0: Foul Ball, location: 2F 0-1: Ball Wild Pitch! Raúl Robles to second 1-1: Foul Ball, location: 2F 1-2: Strikes out swinging
|
Batting: LHB Dave Knight
|
0-0: Called Strike 0-1: Called Strike 0-2: Ball 1-2: Strikes out swinging
|
Batting: RHB John Moore
|
0-0: Called Strike 0-1: Ball 1-1: Called Strike 1-2: SINGLE (Groundball, 56) Raúl Robles to third Runner from 3rd tries for Home, SAFE, no throw or cutoff
|
Batting: RHB Gabriel Pérez
|
0-0: Ground out 6-3 (Groundball, 56)
|
Bottom of the 8th over - 1 run(s), 2 hit(s), 0 error(s), 1 left on base; New Amsterdam 5 - Phoenix 8 |
TOP OF THE 9TH |
New Amsterdam Republics batting - Pitching for Phoenix Hotspur : RHP Craig Gasnier
|
Pitching: RHP Manuel Núńez
|
|
Batting: RHB António Pérez
|
0-0: Ball 1-0: Called Strike 1-1: Foul Ball, location: 2F 1-2: Foul Ball, location: 2F 1-2: Strikes out looking
|
Batting: RHB Cory Hansen
|
0-0: Ball 1-0: Fly out, F8 (Line Drive, 8RM)
|
Batting: LHB Félix López
|
0-0: Ball 1-0: Foul Ball, location: 2F 1-1: Called Strike 1-2: Ball 2-2: Foul Ball, location: 2F 2-2: Ball 3-2: SINGLE (Groundball, 56D)
|
Batting: RHB Hank Wilder
|
0-0: Called Strike 0-1: Called Strike 0-2: SINGLE (Line Drive, 5L) Félix López to second
|
Batting: RHB Júlio Maldonado
|
0-0: Foul Ball, location: 2F 0-1: Ball 1-1: Ball 2-1: Ball 3-1: Foul Ball, location: 2F 3-2: Foul Ball, location: 2F 3-2: Base on Balls Félix López to third Hank Wilder to second
|
Batting: RHB Luis Muńóz
|
0-0: Called Strike 0-1: Ball 1-1: Foul Ball, location: 2F 1-2: Fly out, F8 (Flyball, 8LXD)
|
Top of the 9th over - 0 run(s), 2 hit(s), 0 error(s), 3 left on base; New Amsterdam 5 - Phoenix 8 |
|